 Dungeon Crawl Stone Soup version 0.20.0-15-g7f486f2 (webtiles) character file.

15733 NoAnimeNoLife the Bludgeoner (level 12, -19/61 HPs)
             Began as a Gargoyle Fighter on June 18, 2017.
             Was an Elder of Hepliaklqana.
             Killed from afar by a wizard (36 damage)
             ... with an orb of energy
             ... on level 13 of the Dungeon.
             The game lasted 00:20:33 (9550 turns).

NoAnimeNoLife the Bludgeoner (Gargoyle Fighter)     Turns: 9550, Time: 00:20:33

Health: -19/61     AC: 17    Str: 20      XL:     12   Next: 30%
Magic:  15/15      EV:  7    Int: 12 (13) God:    Hepliaklqana [****..]
Gold:   415        SH: 11    Dex: 10 (13) Spells: 11/11 levels left

rFire    . . .     SeeInvis +   D - +7 mace of Gloom {crush, +Blink Int+3}
rCold    . . .     Gourm    .   c - +1 shield
rNeg     + . .     Faith    .   g - +3 chain mail
rPois    ∞         Spirit   .   (no helmet)
rElec    +         Reflect  .   (no cloak)
rCorr    .         Harm     .   (no gloves)
MR       .....                  (no boots)
Stlth    ..........             (no amulet)
Regen    0.6/turn               B - ring of see invisible
MPRegen  0.2/turn               t - ring of flight (curse)

@: no status effects
A: reduced essence, deformed body, negative energy resistance 1, regeneration 1,
electricity resistance, unbreathing, petrification resistance, rot immunity, AC
+8
a: Recall Ancestor, Ancestor Identity, Transference, Idealise, Renounce
Religion, Evoke Blink, Evoke Flight


You were on level 13 of the Dungeon.
You worshipped Hepliaklqana.
Hepliaklqana was greatly pleased with you.
You were not hungry.

You visited 1 branch of the dungeon, and saw 12 of its levels.

You collected 647 gold pieces.
You spent 232 gold pieces at shops.

Inventory:

Hand Weapons
 D - the +7 mace of Gloom (weapon) {crush, +Blink Int+3}
   (You bought it in a shop on level 5 of the Dungeon)

   It inflicts extra damage upon your enemies.
   It affects your intelligence (+3).
   It lets you blink.
Armour
 c - a +1 shield (worn)
 g - a +3 chain mail (worn)
Jewellery
 p - an uncursed ring of ice
 s - an uncursed ring of protection from fire
 t - a cursed ring of flight (right hand)
 B - a ring of see invisible (left hand)
 S - an uncursed ring of fire
Wands
 a - a wand of flame (17/48)
 C - a wand of enslavement (5/24)
 Q - a wand of polymorph (12/24)
 T - a wand of paralysis (19/24)
Scrolls
 d - 2 scrolls of holy word {unknown}
 e - 3 scrolls of enchant armour
 i - 10 scrolls of remove curse
 k - a scroll of summoning {unknown}
 l - 3 scrolls of recharging
 m - a scroll of enchant weapon
 u - a scroll of identify
 w - a scroll of silence {unknown}
 x - a scroll of amnesia
 L - a scroll of random uselessness
Potions
 h - 3 potions of haste
 j - a potion of flight
 n - 4 potions of brilliance
 o - 5 potions of resistance
 r - a potion of lignification
 v - 3 potions of curing
 z - a potion of ambrosia
 H - a potion of might
Books
 b - a book of Maledictions

   Spells                             Type                      Level
   a - Corona                         Hexes                        1
   b - Ensorcelled Hibernation        Hexes/Ice                    2
   c - Confuse                        Hexes                        3
   d - Tukima's Dance                 Hexes                        3
   e - Dazzling Spray                 Conjuration/Hexes            3
 G - a book of Clouds

   Spells                             Type                      Level
   a - Poisonous Vapours              Poison/Air                   2
   b - Mephitic Cloud                 Conjuration/Poison/Air       3
   c - Conjure Flame                  Conjuration/Fire             3
   d - Freezing Cloud                 Conjuration/Ice/Air          6
   e - Ring of Flames                 Charms/Fire                  7
 P - a book of Necromancy

   Spells                             Type                      Level
   a - Pain                           Necromancy                   1
   b - Animate Skeleton               Necromancy                   1
   c - Vampiric Draining              Necromancy                   3
   d - Regeneration                   Charms/Necromancy            3
   e - Animate Dead                   Necromancy                   4
   f - Control Undead                 Necromancy                   4
 R - a book of Misfortune

   Spells                             Type                      Level
   a - Confusing Touch                Hexes                        1
   b - Confuse                        Hexes                        3
   c - Gell's Gravitas                Translocation                3
   d - Petrify                        Transmutation/Earth          4
   e - Metabolic Englaciation         Hexes/Ice                    5
   f - Yara's Violent Unravelling     Hexes/Transmutation          5
Comestibles
 f - 9 bread rations
 q - 5 royal jellies
 O - 3 meat rations


   Skills:
 + Level 5.4 Fighting
 + Level 16.0 Maces & Flails
 + Level 5.6 Armour
 + Level 3.5 Dodging
 + Level 5.7 Shields
 + Level 4.6 Invocations
 + Level 3.2 Evocations


You had 11 spell levels left.
You didn't know any spells.

Dungeon Overview and Level Annotations

Branches:
Dungeon (13/15)            Temple (0/1) D:4             Orc (0/2) D:11
   Lair: D:8-11      Vaults: D:13-14

Altars:
Gozag
Hepliaklqana
Makhleb
Okawaru
Trog
Yredelemnul
The Shining One

Shops:
D:5 (   D:6 *   D:10 :


Innate Abilities, Weirdness & Mutations

You are resistant to torment.
Your stone body is resilient. (AC +8)
You are immune to poison.
You resist negative energy. (rN+)
You are resistant to electric shocks. (rElec)
You can survive without breathing.
You are immune to petrification.
You are immune to rotting.
Your life essence is reduced. (-10% HP)
Armour fits poorly on your strangely shaped body.
Your natural rate of healing is unusually fast.


Message History

The vault guard resists with almost no effort.
This wand has 6 charges left.
The wizard mumbles some strange words.
The wizard blinks!
The vault guard hits you with a halberd!
* * * LOW HITPOINT WARNING * * *
Evoke which item? (* to show all) (? for menu, Esc to quit)
Aiming: Enslavement
Press: ? - help, Shift-Dir - straight line, f/p - vault guard
Aim: a vault guard, wielding a halberd and wearing a plate armour (severely wounded, chance to defeat MR: 22%)
The vault guard is charmed.
This wand has 5 charges left.
You see here a rapier.
You start resting.
The wizard hits your vault guard but does no damage.
Your vault guard hits the wizard with a halberd.
The wizard gestures at you while chanting.
The orb of energy hits your vault guard.
The orb of energy explodes!
The mystic blast hits you!
Ouch! That really hurt!
You die...

.#...÷................≈≈≈≈#
.#........)........(((≈≈≈≈###
.#.......).<.......(((≈≈≈≈p..
.#....####(##########.≈≈≈≈...
.#..<.# #.## ##.≈≈≈#...
......# #..###### ##.≈≈####
##....# ##.p.)p.# #..#
......# #.####p## ### ......#
##'## #@.# ......#
##...####.##
......###.....###.$#
......##.8...8.###.#
.....##.#.....#.##.#
.....#...8...8..[#.#
.....'.....(.....'.#
.....#...8...8...###
.....##.#.....#.##


You could see a wizard and a friendly vault guard.

Vanquished Creatures
  2 two-headed ogres
  An unseen horror (D:10)
  An ugly thing (D:12)
  A deep elf mage (D:13)
  2 gargoyles
  An efreet (D:13)
  A troll (D:13)
  A hippogriff (D:5)
  A spriggan (D:12)
  A water elemental (D:12)
  A wraith (D:13)
  4 yaks
  A human (D:13)
  2 hungry ghosts
  Menkaure (D:6)
  2 vampire mosquitoes (D:12)
  A soldier ant (D:13)
  A hornet zombie (D:10)
  3 ice beasts
  A slave (D:6)
  A centaur (D:10)
  5 ogres
  3 phantoms
  5 bullfrogs
  4 big kobolds
  A wyvern skeleton (D:9)
  8 killer bees
  A scorpion (D:4)
  5 wights (D:9)
  4 howler monkeys
  A crimson imp (D:5)
  A bullfrog zombie (D:10)
  2 bullfrog skeletons
  2 hounds
  5 orc priests
  2 centaur skeletons
  3 iguanas
  9 orc wizards
  8 worker ants
  A killer bee zombie (D:10)
  A hound skeleton (D:6)
  8 adders
  An ooze (D:6)
  2 adder skeletons
  3 worms
  2 dart slugs
  2 leopard geckos
  23 orcs
  5 bats
  A giant cockroach (D:3)
  6 goblins
  5 hobgoblins
  16 kobolds
  A quokka (D:5)
  A ball python (D:5)
  5 frilled lizards
  A leopard gecko skeleton (D:4)
  2 quokka skeletons
  14 rats
199 creatures vanquished.

Vanquished Creatures (collateral kills)
  Frances (D:12)
  A hydra (D:11)
  A two-headed ogre (D:10)
  Pikel (D:6)
  A centaur skeleton (D:13)
  A yaktaur (D:13)
  6 yaks
  2 ice beasts
  A sky beast (D:12)
  An eye of draining (D:10)
  An ogre (D:4)
  3 phantoms
  A centaur (D:11)
  2 bullfrogs
  A scorpion (D:4)
  A killer bee (D:13)
  A howler monkey (D:5)
  A bullfrog zombie (D:6)
  A quasit (D:10)
  An orc priest (D:9)
  A jelly (D:10)
  4 orc wizards
  2 worker ants
  A killer bee zombie (D:10)
  A hound skeleton (D:5)
  2 adders
  An ooze (D:3)
  An adder zombie (D:9)
  A dart slug (D:3)
  8 orcs
  3 kobolds
  A quokka (D:6)
  A bat (D:3)
  3 frilled lizards
  A rat (D:3)
60 creatures vanquished.

Vanquished Creatures (others)
  A slave (D:9)
  6 battlemagi
  A shadow imp (D:6)
  2 ancestors
  2 orcs (D:6)
  2 plants (D:12)
14 creatures vanquished.

Grand Total: 273 creatures vanquished

Notes
Turn   | Place    | Note
-------+----------+-------------------------------------------
     0 | D:1      | NoAnimeNoLife the Gargoyle Fighter began the quest for the Orb.
     0 | D:1      | Reached XP level 1. HP: 14/14 MP: 1/1
    29 | D:1      | Reached XP level 2. HP: 16/19 MP: 2/2
   268 | D:1      | Reached skill level 3 in Maces & Flails
   679 | D:2      | Found a hazy altar of Hepliaklqana.
   705 | D:2      | Reached XP level 3. HP: 23/23 MP: 3/3
   878 | D:2      | Found a faded altar of an unknown god.
  1504 | D:2      | Became a worshipper of Hepliaklqana the Forgotten
  1557 | D:3      | Reached skill level 4 in Maces & Flails
  1557 | D:3      | Reached XP level 4. HP: 21/25 MP: 4/4
  1740 | D:3      | Noticed a bullfrog
  1748 | D:3      | Killed a bullfrog
  1748 | D:3      | Reached skill level 5 in Maces & Flails
  1748 | D:3      | Reached XP level 5. HP: 18/28 MP: 5/5
  2259 | D:4      | Reached skill level 6 in Maces & Flails
  2259 | D:4      | Reached XP level 6. HP: 33/33 MP: 6/6
  2280 | D:4      | Reached * piety under Hepliaklqana
  2474 | D:4      | Noticed a phantom
  2481 | D:4      | Reached skill level 7 in Maces & Flails
  2506 | D:4      | Reached XP level 7. HP: 26/36 MP: 7/7
  2603 | D:4      | Reached skill level 8 in Maces & Flails
  2641 | D:4      | Found a staircase to the Ecumenical Temple.
  2965 | D:5      | Entered Level 5 of the Dungeon
  2998 | D:5      | Reached skill level 9 in Maces & Flails
  2998 | D:5      | Reached XP level 8. HP: 41/41 MP: 8/8
  3018 | D:5      | Noticed a hippogriff
  3030 | D:5      | Killed a hippogriff
  3287 | D:5      | Found Bostaceg's Antique Weapon Boutique.
  3303 | D:5      | Bought a crude mace for 232 gold pieces
  3303 | D:5      | Identified the +7 mace of Gloom {crush, +Blink Int+3} (You bought it in a shop on level 5 of the Dungeon)
  3306 | D:5      | Found a bloodstained altar of Trog.
  3332 | D:5      | Reached skill level 10 in Maces & Flails
  3347 | D:5      | Reached ** piety under Hepliaklqana
  3348 | D:5      | Remembered your ancestor Dube as a battlemage
  3352 | D:5      | Found an iron altar of Okawaru.
  3804 | D:6      | Noticed Menkaure
  3807 | D:6      | Killed Menkaure
  3807 | D:6      | Reached skill level 11 in Maces & Flails
  3819 | D:6      | Found a glowing golden altar of the Shining One.
  3858 | D:6      | Reached XP level 9. HP: 44/45 MP: 6/9
  3877 | D:6      | Found Wyxkilut's Elemental Accessories.
  3942 | D:6      | Noticed Pikel
  3962 | D:6      | Killed Pikel
  3962 | D:6      | Reached skill level 12 in Maces & Flails
  4219 | D:6      | Found a basalt altar of Yredelemnul.
  4241 | D:6      | Got a translucent ring mail
  4252 | D:6      | Identified the +0 ring mail of Hefotym {Regen+} (You found it on level 6 of the Dungeon)
  4273 | D:6      | Found an opulent altar of Gozag.
  4647 | D:7      | You fall through a shaft for 2 floors!
  4721 | D:9      | Reached skill level 13 in Maces & Flails
  4758 | D:9      | Noticed a two-headed ogre
  4795 | D:9      | Killed a two-headed ogre
  4795 | D:9      | Reached XP level 10. HP: 17/50 MP: 8/10
  5120 | D:9      | Reached skill level 14 in Maces & Flails
  5311 | D:10     | Entered Level 10 of the Dungeon
  5368 | D:10     | Reached *** piety under Hepliaklqana
  5687 | D:10     | Found Raocw's Book Shop.
  5701 | D:10     | Noticed an unseen horror
  5709 | D:10     | Killed an unseen horror
  5821 | D:10     | Noticed a two-headed ogre
  5829 | D:10     | Killed a two-headed ogre
  5829 | D:10     | Reached skill level 15 in Maces & Flails
  6413 | D:11     | Reached XP level 11. HP: 54/54 MP: 11/11
  6429 | D:11     | Gained mutation: Your spells are a little easier to cast, but a little less powerful. [potion of mutation]
  6429 | D:11     | Gained mutation: Your spells are easier to cast, but less powerful. [potion of mutation]
  6429 | D:11     | Gained mutation: You are partially covered in slimy green scales. (AC +2) [potion of mutation]
  6429 | D:11     | Gained mutation: You have large cloven feet. [potion of mutation]
  6637 | D:11     | Found a staircase to the Orcish Mines.
  6669 | D:11     | Noticed an eight-headed hydra
  6682 | D:11     | Killed an eight-headed hydra
  6682 | D:11     | Reached skill level 1 in Dodging
  6682 | D:11     | Reached skill level 1 in Invocations
  6682 | D:11     | Reached skill level 1 in Evocations
  7120 | D:12     | Reached **** piety under Hepliaklqana
  7216 | D:12     | Found a basalt altar of Yredelemnul.
  7230 | D:12     | Noticed Frances
  7642 | D:12     | Killed Frances
  7899 | D:12     | Noticed a purple ugly thing
  7909 | D:12     | Killed a purple ugly thing
  8376 | D:13     | Noticed a two-headed ogre
  8382 | D:13     | Noticed a deep elf mage
  8386 | D:13     | Killed a two-headed ogre
  8386 | D:13     | Reached skill level 5 in Shields
  8420 | D:13     | Killed a deep elf mage
  8420 | D:13     | Reached skill level 5 in Fighting
  8420 | D:13     | Reached skill level 5 in Armour
  8887 | D:12     | Lost mutation: You have large cloven feet. [potion of mutation]
  8887 | D:12     | Lost mutation: Your spells are easier to cast, but less powerful. [potion of mutation]
  8887 | D:12     | Lost mutation: Your spells are a little easier to cast, but a little less powerful. [potion of mutation]
  8887 | D:12     | Gained mutation: You occasionally shout uncontrollably at your foes. [potion of mutation]
  8887 | D:12     | Gained mutation: Scrolls take you a little longer to read. [potion of mutation]
  8887 | D:12     | Gained mutation: Your flesh is cold resistant. (rC+) [potion of mutation]
  8888 | D:12     | Lost mutation: Scrolls take you a little longer to read. [potion of mutation]
  8888 | D:12     | Lost mutation: You occasionally shout uncontrollably at your foes. [potion of mutation]
  8888 | D:12     | Lost mutation: Your flesh is cold resistant. (rC+) [potion of mutation]
  8888 | D:12     | Lost mutation: You are partially covered in slimy green scales. (AC +2) [potion of mutation]
  8888 | D:12     | Gained mutation: Armour fits poorly on your strangely shaped body. [potion of mutation]
  8888 | D:12     | Gained mutation: Your natural rate of healing is unusually fast. [potion of mutation]
  8956 | D:13     | Reached XP level 12. HP: 42/61 MP: 14/14
  9010 | D:13     | HP: 2/61 [gargoyle/stone arrow (22)]
  9273 | D:13     | Noticed a vault guard
  9364 | D:13     | Reached skill level 16 in Maces & Flails
  9443 | D:13     | Found a burning altar of Makhleb.
  9443 | D:13     | Noticed a cacodemon
  9489 | D:13     | Noticed a vault guard
  9498 | D:13     | Noticed a vault guard
  9550 | D:13     | Killed from afar by a wizard

Skill      XL: |  1  2  3  4  5  6  7  8  9 10 11 12 |
---------------+-------------------------------------+-----
Maces & Flails | 3 4 5 6 7 9 11 13 15 16 | 16.0
Dodging        | 3 |  3.5
Invocations    | 3 4 |  4.6
Evocations     | 2 3 |  3.2
Fighting       | 5 |  5.4
Armour         | 5 |  5.6
Shields        | 5 |  5.7

Action                   |  1- 3 |  4- 6 |  7- 9 | 10-12 || total
-------------------------+-------+-------+-------+-------++-------
Melee: Flail             |   121 |   129 |   102 |       ||   352
       Mace              |       |       |   139 |   371 ||   510
       Kick              |       |       |       |    40 ||    40
Invok: Recall Ancestor   |       |       |     2 |       ||     2
       Ancestor Life: Ba |       |       |     1 |       ||     1
       Transference      |       |       |       |     2 ||     2
 Abil: Evoke Blink       |       |       |       |     1 ||     1
Evoke: Wand              |       |       |     3 |    11 ||    14
  Use: Potion            |       |     3 |     2 |    12 ||    17
       Scroll            |       |       |     3 |    21 ||    24
 Stab: Distracted        |       |       |       |     4 ||     4
       Paralysed         |       |       |       |     3 ||     3
  Eat: Bread ration      |     2 |       |       |     4 ||     6
       Chunk             |       |       |     4 |     6 ||    10
Armor: Scale mail        |    57 |    71 |    20 |       ||   148
       Chain mail        |       |       |   122 |   168 ||   290
       Skin              |       |       |     1 |     4 ||     5
Dodge: Dodged            |    38 |    36 |    46 |    63 ||   183
Block: Shield            |    65 |    61 |   122 |   171 ||   419
